cohdb
Replays
Latest Replays
All Replays
Popular Replays
Top Player Replays
Match Explorer
How It Works
Community
CoH3 Stats
Reddit
Sign in to upload your games and track your stats! →
Sign in with Steam
Don't give up till the end
Match 34427947
Overview
Messages
Build Orders
End
Construct Barracks
Riflemen Squad
Selects Special Operations Battlegroup
Selects M29 Weasel Recon Vehicle
M29 Weasel Recon Vehicle
Riflemen Squad
Selects Raiding Flares
Engineer Squad
Grenade Package
Infantry Support Center
Construct Weapon Support Center
Raiding Flares
M3 Armored Personnel Carrier
Forward Retreat Point
M1918 Browning Automatic Rifles
Bazooka Squad
Advanced Logistics
Selects SSF Commando Squad
SSF Commando Squad
Raiding Flares
Construct Tank Depot
Riflemen Squad
Selects Mark Vehicle
Selects UNKNOWN (2162291)
M4A1 Sherman Whizbang
Raiding Flares
M18 Hellcat Tank Destroyer
Selects Assault Operation
Raiding Flares
M4A1 Sherman Medium Tank
Riflemen Squad
Raiding Flares
Survival Training
M18 Hellcat Tank Destroyer
M4A1 Sherman Whizbang
Riflemen Squad
Raiding Flares
Assault Operation
M18 Hellcat Tank Destroyer
M18 Hellcat Tank Destroyer
Riflemen Squad
Raiding Flares
M4(105) Sherman Bulldozer
Riflemen Squad
Riflemen Squad
M4A1 Sherman Medium Tank
Raiding Flares
Riflemen Squad
broodwarjc
tatarak2022
Goose is Loose
Catatau
全世界无产者联合起来
dameezy
ikhe
Red
0
0
Comments
sign in to comment!
No comments posted yet!